 Dungeon Crawl Stone Soup version 0.30-a0-4-ga7cffc901d (webtiles) character file.

Game seed: 10894352207430007210

51 rogsnak the Digger (level 3, -1/25 HPs)
             Began as a Barachi Earth Elementalist on Aug 21, 2022.
             Slain by Crazy Yiuf
             ... wielding a +3 quarterstaff of chaos
              (13 damage)
             ... on level 2 of the Dungeon.
             The game lasted 00:05:35 (3199 turns).

rogsnak the Digger (Barachi Earth Elementalist)     Turns: 3199, Time: 00:05:35

Health: -1/25      AC:  2    Str:  9    XL:     3   Next: 81%
Magic:  3/6        EV: 12    Int: 17    God:
Gold:   103        SH:  0    Dex: 12    Spells: 3/7 levels left

rFire   . . .      SeeInvis .    u - +1 hammer (pain)
rCold   . . .      Faith    .    (no shield)
rNeg    . . .      Spirit   .    a - +0 robe
rPois   .          Reflect  .    (no helmet)
rElec   .          Harm     .    (no cloak)
rCorr   .          Rampage  .    (no gloves)
Will    .....                    (no boots)
Stlth   ++........               (no amulet)
HPRegen 0.08/turn                (no ring)
MPRegen 0.10/turn                (no ring)

@: slow
A: amphibious, slowness 1, strong legs 1, +LOS
a: Hop


You were on level 2 of the Dungeon.
You visited 1 branch of the dungeon, and saw 2 of its levels.

You collected 103 gold pieces.

Inventory:

Hand Weapons
 d - a +0 dagger
 e - a +0 hand axe
 m - a +1 antimagic rapier
 n - a +0 short sword
 u - a +1 hammer of pain (weapon)
Missiles
 f - 11 stones
Armour
 a - a +0 robe (worn)
Jewellery
 l - an amulet of faith
 t - a ring of resist corrosion
Scrolls
 h - 2 scrolls of magic mapping {unknown}
 j - a scroll of identify {unknown}
 k - 4 scrolls of vulnerability {unknown}
 o - a scroll of teleportation {unknown}
 p - a scroll of poison {unknown}
 r - 3 scrolls of fear {unknown}
Potions
 b - a potion of magic
 c - 4 potions of curing {unknown}
 g - a potion of mutation {unknown}
 i - a potion of might {unknown}
 q - a potion of ambrosia {unknown}
 s - a potion of degeneration {unknown}


   Skills:
 + Level 0.4 Fighting
 + Level 3.1 Dodging
 - Level 2.0 Stealth
 + Level 2.5 Spellcasting
 * Level 0.7 Conjurations
 - Level 1.1 Transmutations
 + Level 3.5 Earth Magic


You had 3 spell levels left.
You knew the following spells:

 Your Spells              Type           Power      Damage    Failure   Level
a - Sandblast             Erth           28%        2d8       4%          1
b - Stone Arrow           Conj/Erth      18%        3d8       22%         3

Your spell library contained the following spells:

 Spells                   Type           Power      Damage    Failure   Level
 Passwall                 Tmut/Erth      8%         N/A       11%         2
 Conjure Flame            Conj/Fire      3%         6-21      43%         3
 Ignite Poison            Fire/Tmut/Pois 3%         N/A       43%         3
 Ozocubu's Armour         Ice            2%         N/A       50%         3
 Petrify                  Tmut/Erth      10%        N/A       56%         4
 Sticky Flame             Conj/Fire      3%         2d3       85%         4
 Ozocubu's Refrigeration  Ice            1%         4d7       100%        7


Dungeon Overview and Level Annotations

Branches:
Dungeon (2/15)

Altars:
Cheibriados

Shops:
D:1 ::!(*

Annotations:
D:2 Crazy Yiuf


Innate Abilities, Weirdness & Mutations

You are amphibious.
You cover ground slowly.
You can hop short distances.
You have an extended range of vision and can be seen from far away.


Message History

You see here a +0 hammer.
Found a hammer.
You see here a +1 hammer of pain.
u - a +1 hammer of pain You have a feeling of ineptitude.
u - a +1 hammer of pain (weapon)
Found a hammer.
You open the door.
Casting: Sandblast (safe; 4% risk of failure)
Confirm with . or Enter, or press ? or * to list all spells.
The spell is extremely dangerous to miscast (22% risk of failure)!
Continue anyway?
Okay, then.
There is an open translucent door here.
Casting: Stone Arrow (extremely dangerous; 22% risk of failure)
Confirm with . or Enter, or press ? or * to list all spells.
Aiming: Sandblast (safe; 4% risk of failure)
Press: ? - help, Shift-Dir - straight line, f - Crazy Yiuf
Aim: Crazy Yiuf, wielding a +3 quarterstaff of chaos and wearing a +0 cloak (asleep, 100% to hit)
The blast of sand hits Crazy Yiuf but does no damage.
Crazy Yiuf shouts!
Casting: Sandblast (safe; 4% risk of failure)
Confirm with . or Enter, or press ? or * to list all spells.
Aiming: Sandblast (safe; 4% risk of failure)
Press: ? - help, Shift-Dir - straight line, f/p - Crazy Yiuf
Aim: Crazy Yiuf, wielding a +3 quarterstaff of chaos and wearing a +0 cloak (84% to hit)
The blast of sand hits Crazy Yiuf.
Crazy Yiuf is moderately wounded.
Crazy Yiuf barely misses you.
Casting: Sandblast (safe; 4% risk of failure)
Confirm with . or Enter, or press ? or * to list all spells.
Aiming: Sandblast (safe; 4% risk of failure)
Press: ? - help, Shift-Dir - straight line, f/p - Crazy Yiuf
Aim: Crazy Yiuf, wielding a +3 quarterstaff of chaos and wearing a +0 cloak (moderately wounded, 84% to hit)
The blast of sand hits Crazy Yiuf!
Crazy Yiuf is severely wounded.
Crazy Yiuf hits you with a +3 quarterstaff of chaos!
Space warps around you.
Crazy Yiuf hits you with a +3 quarterstaff of chaos!
Ouch! That really hurt!
You die...

##########
#......#
#........#
#......#
#........#
########
.........###
.........#.#
#####
...........#
#)..#
.........###
#)).#
......####
#.g)#
......# #@#
...)..####
♣.♣♣
...†.....#
♣♣.♣
########.#
♣.♣♣ #.#
♣♣)♣ #.##
♣♣.♣♣ #..#
♣♣...♣ ##.##
♣....♣ #..#
#+..+#


You could see Crazy Yiuf.

Vanquished Creatures
  A worm (D:2)
  2 dart slugs (D:1)
  A bat (D:2)
  3 endoplasms
  4 giant cockroaches
  6 goblins
  4 hobgoblins
  4 jackals
  2 quokkas
  4 ball pythons
  A frilled lizard (D:1)
  2 kobolds
  4 rats
38 creatures vanquished.

Notes
Turn   | Place    | Note
-------+----------+-------------------------------------------
     0 | D:1      | rogsnak the Barachi Earth Elementalist began the quest for
                  | the Orb.
     0 | D:1      | Reached XP level 1. HP: 13/13 MP: 3/3
   423 | D:1      | Found Puosum's Antique Weapon Boutique.
   441 | D:1      | Found Mithries's Assorted Antiques.
   504 | D:1      | Reached XP level 2. HP: 14/19 MP: 5/5
  1085 | D:1      | Found Zeifulom's Distillery.
  1119 | D:1      | Found Cuobre's Book Shoppe.
  1523 | D:1      | Found Xiypink's Book Shoppe.
  1663 | D:1      | Reached XP level 3. HP: 24/24 MP: 6/6
  1667 | D:1      | Learned a level 3 spell: Stone Arrow
  2230 | D:2      | Found a snail-covered altar of Cheibriados.
  2736 | D:2      | Found a faded altar of an unknown god.
  3189 | D:2      | Found a runed translucent door.
  3190 | D:2      | Noticed Crazy Yiuf
  3199 | D:2      | Slain by Crazy Yiuf

Illustrated notes

Levels and vault maps discovered:
D:1:      amcnicky_arrival_wind_blow, layout_basic, serial_shops, shop,
          nicolae_shop_statue_plus, nicolae_shop_waterfront, shop, shop_statue
D:2:      layout_rooms, basic_altar, shapermc_ecumenical_altar_notcrosses,
          uniq_crazy_yiuf_cottage

Skill      XL: |  1  2  3 |
---------------+----------+-----
Stealth        | 2 |  2.0
Dodging        | 3 |  3.1
Fighting       | |  0.4
Spellcasting   | |  2.5
Conjurations   | |  0.7
Transmutations | |  1.1
Earth Magic    | |  3.5

Action                   || total
-------------------------++-------
Melee: Unarmed           ||    23
       Dagger            ||    94
       Punch             ||     3
       Short sword       ||    45
 Cast: Sandblast         ||    19
 Abil: Hop               ||     1
 Stab: Sleeping          ||     7
Armor: Robe              ||    26
Dodge: Dodged            ||    87

Table legend: (Time is in decaauts)
 A = Elapsed time spent in this place.
 B = Non-inter-level travel time spent in this place.
 C = Inter-level travel time spent in this place.
 D = Time resting spent in this place.
 E = Time spent auto-exploring this place.
 F = Levels seen in this place.
 G = Mean time per level.
                   A        B        C        D        E       F      G
               +--------+--------+--------+--------+--------+-----+--------+
         Total |   3447 |   3436 |     11 |    803 |   1957 |   2 | 1723.5 |
       Dungeon |   3447 |   3436 |     11 |    803 |   1957 |   2 | 1723.5 |
               +--------+--------+--------+--------+--------+-----+--------+

Top non-repeatable levels by time:
     D:1: 2310 daAuts
     D:2: 1137 daAuts
